 Dungeon Crawl Stone Soup version 0.18.1-6-gd335043 (webtiles) character file.

185 nubinia the Grave Robber (level 5, -3/28 HPs)
             Began as a Deep Elf Necromancer on May 20, 2016.
             Slain by a crimson imp (4 damage)
             ... on level 4 of the Dungeon.
             The game lasted 00:13:20 (3008 turns).

nubinia the Grave Robber (Deep Elf Necromancer)     Turns: 3008, Time: 00:13:21

Health: -3/28      AC:  3    Str:  5    XL:     5   Next: 37%
Magic:  9/14       EV: 13    Int: 18    God:
Gold:   216        SH:  5    Dex: 15    Spells: 5 memorised, 2 levels left

rFire  . . .     SeeInvis .     h - +0 short sword
rCold  . . .     Gourm    .     a - +0 robe
rNeg   . . .     Faith    .     (no shield)
rPois  .         Spirit   .     (no helmet)
rElec  .         Dismiss  .     (no cloak)
rCorr  .         Reflect  +     e - +0 pair of gloves
SustAt .         Harm     .     (no boots)
MR     .....                    g - +5 amulet of reflection
Stlth  ++........               (no ring)
                                i - -3 ring of intelligence (curse)

@: not resistant to hostile enchantments, unstealthy
A: no striking features
a: no special abilities


You were on level 4 of the Dungeon.
You were hungry.

You visited 1 branch of the dungeon, and saw 4 of its levels.

You collected 216 gold pieces.

Inventory:

Hand Weapons
 h - a +0 short sword (weapon)
Armour
 a - a +0 robe (worn)
 e - a +0 pair of gloves (worn)
Jewellery
 g - a +5 amulet of reflection (around neck)
 i - a cursed -3 ring of intelligence (left hand)
 j - a cursed amulet of inaccuracy {unknown}
Scrolls
 f - a scroll of blinking
 o - 2 scrolls of fog {unknown}
 p - 2 scrolls of fear {unknown}
 t - a scroll of enchant armour {unknown}
 v - a scroll of identify
Potions
 d - 3 potions of curing
 k - a potion of magic {unknown}
 l - a potion of haste {unknown}
 m - a potion of might {unknown}
 r - a potion of invisibility
 u - 2 potions of beneficial mutation {unknown}
Books
 b - a book of Necromancy

   Spells                             Type                      Level
   a - Pain                           Necromancy                   1
   b - Animate Skeleton               Necromancy                   1
   c - Vampiric Draining              Necromancy                   3
   d - Regeneration                   Charms/Necromancy            3
   e - Animate Dead                   Necromancy                   4
   f - Control Undead                 Necromancy                   4
Comestibles
 c - 2 bread rations
 n - 7 chunks of flesh
 q - a beef jerky
 s - a meat ration
 w - a slice of pizza


   Skills:
 + Level 0.5 Fighting
 + Level 0.2 Short Blades
 + Level 2.7 Dodging
 + Level 3.3 Stealth
 + Level 5.3 Spellcasting
 + Level 6.3 Necromancy


You had 2 spell levels left.
You knew the following spells:

 Your Spells              Type           Power        Failure   Level  Hunger
a - Pain                  Necr           ####         1%          1    None
b - Vampiric Draining     Necr           ####......   2%          3    ##.....
c - Control Undead        Necr           ####......   12%         4    ####...
d - Regeneration          Chrm/Necr      ###.......   14%         3    ##.....
S - Animate Skeleton      Necr           N/A          1%          1    None


Dungeon Overview and Level Annotations

Branches:
Dungeon (4/15)
 Temple: D:4-7

Altars:
Cheibriados
Makhleb
Zin

Shops:
D:4 :


Message History

Your ball python skeleton constricts the crimson imp.
You hit the crimson imp but do no damage.
The crimson imp is heavily wounded.
The crimson imp misses you.
Your ball python skeleton bites the crimson imp but does no damage.
Your ball python skeleton constricts the crimson imp.
You hit the crimson imp.
The crimson imp is heavily wounded.
The crimson imp spits at you. The crimson imp closely misses you.
Your ball python skeleton bites the crimson imp but does no damage.
Your ball python skeleton constricts the crimson imp.
You hit the crimson imp.
The crimson imp is heavily wounded.
The crimson imp hits you.
* * * LOW HITPOINT WARNING * * *
Your ball python skeleton bites the crimson imp but does no damage.
Your ball python skeleton constricts the crimson imp.
The crimson imp hits you.
You die...

##...## #...#...##.....
##.## #.#####.##.#... #§#
#...#...##.##.. #.#
#.#.#...##.#### #.#
#.#.....##.## ######.#
#...........#
#......########.##.#..##..#
#...........5......$.5# .#
#.####.####Z@##..###...# #
# #.# #..##.. #.#....# ..#
#..##. #5..##.# #### #.%##.
%.... .. #..## ...<.. #
#..# ....... #..# .#####
##.# ∩.


You could see a crimson imp and a friendly ball python skeleton.

Vanquished Creatures
  2 worker ants (D:4)
  6 adders
  An ooze (D:1)
  2 worms (D:2)
  7 giant geckos
  2 orcs (D:3)
  8 bats
  2 giant cockroaches
  10 goblins
  9 hobgoblins
  4 kobolds
  A quokka (D:4)
  A ball python (D:4)
  5 giant newts
  6 rats
66 creatures vanquished.

Vanquished Creatures (collateral kills)
  A giant gecko (D:3)
  A giant cockroach (D:3)
  A rat (D:2)
3 creatures vanquished.

Grand Total: 69 creatures vanquished

Notes
Turn   | Place    | Note
--------------------------------------------------------------
     0 | D:1      | nubinia the Deep Elf Necromancer began the quest for the Orb.
     0 | D:1      | Reached XP level 1. HP: 10/10 MP: 6/6
     7 | D:1      | Learned a level 1 spell: Animate Skeleton
    29 | D:1      | Reached skill level 5 in Necromancy
   187 | D:1      | Reached XP level 2. HP: 11/15 MP: 6/8
  1053 | D:2      | Reached XP level 3. HP: 17/19 MP: 8/10
  1104 | D:2      | Found a burning altar of Makhleb.
  1106 | D:2      | Noticed a cacodemon
  1589 | D:1      | Learned a level 3 spell: Vampiric Draining
  1641 | D:2      | Found a snail-covered altar of Cheibriados.
  1665 | D:2      | Reached XP level 4. HP: 7/24 MP: 0/12
  1981 | D:2      | Found a glowing silver altar of Zin.
  1982 | D:2      | Noticed an angel
  2289 | D:3      | Learned a level 4 spell: Control Undead
  2366 | D:3      | Reached skill level 6 in Necromancy
  2852 | D:4      | Reached XP level 5. HP: 16/28 MP: 10/14
  2860 | D:4      | Learned a level 3 spell: Regeneration
  2869 | D:4      | Reached skill level 5 in Spellcasting
  3001 | D:4      | Found Jiararchuo's Book Emporium.
  3008 | D:4      | HP: 1/28 [crimson imp (3)]
  3008 | D:4      | Slain by a crimson imp

Skill      XL: |  1  2  3  4  5 |
---------------+----------------+-----
Necromancy     | 5 6 |  6.3
Spellcasting   | 4 5 |  5.3
Stealth        | 3 |  3.3
Fighting       | |  0.5
Short Blades   | |  0.2
Dodging        | |  2.7

Action                   |  1- 3 |  4- 6 || total
-------------------------+-------+-------++-------
Melee: Short sword       |    18 |    68 ||    86
 Cast: Pain              |    55 |    23 ||    78
       Animate Skeleton  |    15 |    17 ||    32
       Vampiric Draining |     1 |     6 ||     7
  Use: Scroll            |     3 |     2 ||     5
 Stab: Sleeping          |     6 |     6 ||    12
       Distracted        |     1 |     1 ||     2
  Eat: Chunk             |     2 |     5 ||     7
Armor: Robe              |    12 |    11 ||    23
Dodge: Dodged            |    20 |    37 ||    57
Block: Other             |     2 |    14 ||    16
